Map: NeoHumanity LE

Players

PiPuxD

  • Race: Zerg Zerg
  • League: Gold

DarkKnight

  • Race: Zerg Zerg

MattBarry

  • Race: Terran Terran
  • League: Gold
  • Spawn Location: 11:00

Axiom

  • Race: Terran Terran
  • Spawn Location: 5:00

VOD

Have the link to the VOD?

Description

Time

  • Played on: Jan. 29, 2023, 12:14 a.m.
  • Length: 11:07
Show
View Real Time Build Order
Export as new Build Order

PiPuxD Zerg 

Build Orders:  

Get SALT Encoding   

Show
View Real Time Build Order
Export as new Build Order

DarkKnight Zerg 

Build Orders:  

Get SALT Encoding   

Show
View Real Time Build Order
Export as new Build Order

MattBarry Terran 

Build Orders:  

Get SALT Encoding   

  12  0:00  Drone  
  13  0:12  Overlord  
  13  0:17  Drone  
  14  0:30  Drone x2  
  16  0:43  Drone  
  17  0:55  Hatchery  
  17  0:56  Extractor  
  15  1:00  Drone  
  16  1:11  Drone  
  17  1:22  Spawning Pool  
  17  1:23  Drone  
  17  1:25  Drone  
  18  1:30  Drone  
  19  1:38  Drone  
  20  1:50  Overlord  
  20  2:09  Queen  
  20  2:10  Queen  
  20  2:14  Metabolic Boost  
  24  2:17  Zergling x6  
  24  2:22  Zergling x2  
  28  2:23  Drone  
  27  2:52  Drone  
  27  2:53  Drone x4  
  32  3:04  Drone x3  
  35  3:14  Overlord  
  35  3:18  Zergling x2  
  36  3:26  Overlord  
  36  3:32  Queen x2  
  39  3:44  Drone  
  39  3:45  Drone x4  
  39  3:47  Hatchery, Drone  
  41  4:02  Extractor  
  41  4:08  Overlord  
  41  4:09  Zergling x4  
  43  4:10  Zergling x6  
  43  4:12  Zergling x2  
  43  4:15  Queen  
  43  4:16  Drone  
  49  4:29  Drone x3  
  49  4:30  Drone x3  
  55  4:32  Overlord  
  55  4:33  Evolution Chamber  
  54  4:39  Lair  
  54  4:43  Drone x2  
  49  5:04  Zergling x12  
  49  5:05  Zergling x2  
  56  5:07  Evolution Chamber  
  56  5:08  Evolution Chamber  
  56  5:09  Zergling x2  
  56  5:12  Queen  
  57  5:21  Queen  
  59  5:30  Overlord x2  
  59  5:37  Zergling x6  
  59  5:38  Zergling x6  
  57  5:50  Zergling x12  
  57  5:53  Zergling x2  
  62  6:06  Zergling x8  
  64  6:28  Zergling x2  
  64  6:29  Zergling x10  
  64  6:32  Overlord  
  67  6:38  Zerg Ground Armor Level 1, Zerg Melee Weapons Level 1  
  65  6:44  Zergling x2  
  65  6:45  Zergling x8  
  66  6:50  Hydralisk Den  
  66  6:52  Zerg Missile Weapons Level 1  
  56  7:12  Drone x4  
  56  7:13  Drone x10  
  67  7:16  Extractor  
  67  7:18  Extractor  
  67  7:21  Grooved Spines  
  67  7:22  Roach Warren  
  60  7:23  Hydralisk x5  
  60  7:25  Hydralisk  
  71  7:31  Zergling x4  
  71  7:41  Pneumatized Carapace  
  71  7:43  Zergling x4  
  71  7:44  Overlord x3  
  73  7:47  Overlord  
  73  8:04  Overlord x2  
  73  8:20  Hatchery  
  73  8:22  Zergling x12  
  73  8:23  Zergling x10  
  73  8:25  Zergling x4  
  73  8:26  Zergling x6  
  88  8:31  Queen  
  88  8:33  Muscular Augments  
  90  8:38  Zergling x2  
  90  8:39  Zergling x8  
  90  8:40  Zergling x2  
  86  8:49  Hydralisk x4  
  81  9:03  Hydralisk x2  
  81  9:08  Zergling x12  
  86  9:20  Queen x2  
  85  9:29  Zergling x8  
  82  9:40  Hydralisk x3  
  88  9:51  Hatchery  
  83  10:06  Drone x6  
  73  10:17  Zergling x2  
  73  10:18  Zergling x10  
  59  10:34  Hydralisk x3  
  61  10:42  Hydralisk x2  
  57  10:43  Hydralisk x3  
  57  10:45  Zergling x2  
Show
View Real Time Build Order
Export as new Build Order

Axiom Terran 

Build Orders: 2 Factory, Cyclone Opening, Gas First Reaper Expand 

Get SALT Encoding   

  12  0:00  SCV  
  13  0:12  SCV  
  14  0:17  Supply Depot  
  14  0:24  Refinery  
  15  0:28  SCV  
  15  0:40  SCV  
  16  0:45  Barracks  
  16  0:53  SCV  
  17  1:05  SCV  
  18  1:17  SCV  
  19  1:32  Reaper, Orbital Command  
  20  1:44  Command Center  
  20  1:58  SCV  
  21  2:01  Factory  
  21  2:05  Barracks Tech Lab  
  21  2:10  SCV  
  21  2:12  Supply Depot  
  22  2:17  Refinery  
  22  2:22  SCV  
  23  2:34  SCV  
  24  2:46  SCV  
  24  2:52  Cyclone  
  24  2:54  Mag-Field Accelerator  
  24  2:56  Orbital Command  
  27  2:59  SCV, Refinery  
  28  3:11  SCV  
  29  3:13  Factory  
  29  3:23  SCV x2  
  31  3:29  Cyclone  
  34  3:35  SCV x2  
  34  3:36  Marine  
  36  3:47  SCV x2  
  37  3:57  Supply Depot, Factory Tech Lab  
  37  4:01  Cyclone, SCV x2  
  42  4:18  SCV x2  
  42  4:20  Cyclone  
  42  4:22  Supply Depot  
  47  4:34  Cyclone  
  47  4:35  SCV x2  
  52  4:41  Factory  
  52  4:47  Supply Depot  
  52  4:50  SCV  
  52  4:51  SCV  
  52  4:52  Refinery  
  54  4:54  Cyclone  
  57  5:03  SCV x2  
  59  5:10  Supply Depot  
  59  5:15  SCV x2  
  59  5:19  Supply Depot, Cyclone  
  64  5:22  Command Center  
  64  5:25  Factory Tech Lab  
  64  5:26  Cyclone  
  64  5:27  SCV x2  
  69  5:39  Armory, SCV x2  
  69  5:41  Armory  
  71  5:44  Cyclone  
  74  5:51  SCV x2  
  74  5:53  Cyclone  
  76  5:57  Supply Depot  
  76  6:01  Supply Depot  
  76  6:02  Cyclone  
  76  6:03  SCV  
  80  6:08  SCV  
  80  6:11  Refinery  
  81  6:15  SCV  
  81  6:16  Cyclone  
  81  6:18  Refinery  
  85  6:20  SCV  
  85  6:21  Supply Depot  
  86  6:25  Cyclone  
  86  6:27  SCV  
  90  6:35  Orbital Command  
  90  6:39  Terran Vehicle Weapons Level 1, SCV, Terran Vehicle And Ship Armor Level 1  
  91  6:41  SCV  
  89  6:52  Supply Depot x2  
  89  6:53  Supply Depot, SCV  
  90  6:54  SCV  
  90  7:00  Cyclone  
  79  7:03  Cyclone  
  79  7:07  Cyclone  
  82  7:09  SCV  
  82  7:10  SCV  
  82  7:12  SCV  
  85  7:27  Factory x3, SCV x3  
  88  7:32  Supply Depot  
  88  7:34  Cyclone  
  91  7:38  Cyclone  
  91  7:39  SCV  
  91  7:40  Cyclone  
  91  7:43  SCV x2  
  100  7:55  Command Center  
  100  8:00  Supply Depot  
  100  8:01  SCV  
  100  8:02  SCV x2  
  103  8:09  Engineering Bay  
  103  8:10  Cyclone x2  
  103  8:12  Cyclone, Factory Tech Lab x3  
  112  8:15  SCV x3  
  115  8:26  Supply Depot  
  115  8:27  SCV x3, Refinery x2  
  115  8:33  Terran Vehicle Weapons Level 2  
  115  8:34  Terran Vehicle And Ship Armor Level 2  
  118  8:37  Cyclone x2  
  118  8:39  Cyclone  
  127  8:42  SCV x2  
  127  8:43  SCV  
  130  8:49  Cyclone  
  130  8:51  Cyclone  
  127  8:56  Cyclone  
  127  9:01  SCV x3  
  133  9:04  Supply Depot  
  133  9:11  Planetary Fortress  
  133  9:13  Cyclone  
  136  9:20  Cyclone  
  136  9:22  Command Center  
  136  9:23  Cyclone  
  142  9:29  Cyclone  
  142  9:30  SCV x3  
  148  9:37  Cyclone  
  151  9:39  Cyclone, Refinery  
  151  9:40  Refinery  
  154  9:47  Missile Turret  
  154  9:50  Cyclone  
  157  9:53  Cyclone  
  160  10:01  Cyclone x2  
  160  10:09  Cyclone  
  157  10:14  Command Center  
  157  10:18  Cyclone  
  154  10:21  Sensor Tower  
  151  10:33  Command Center x2  
  151  10:38  Command Center  
  154  10:43  Command Center  
Tags
 
Add a new tag
Caveats
  • Supply blocks, unpowered buildings, or Contaminate may cause inaccurate times.
  • Supply counts are checked every 10 seconds.